 Dungeon Crawl Stone Soup version 0.24-a0-784-g601f8f6d22 (webtiles) character file.

Game seed: 14065970717136214496, levelgen mode: deterministic

340996 Gumption the Slayer (level 21, -4/315 HPs)
             Began as a Minotaur Berserker on Oct 5, 2019.
             Was the Champion of Trog.
             Killed from afar by Margery (40 damage)
             ... with a bolt of fire
             ... on level 3 of the Vaults on Oct 9, 2019.
             The game lasted 06:45:08 (47015 turns).

Gumption the Slayer (Minotaur Berserker)           Turns: 47015, Time: 06:45:08

Health: -4/315     AC: 40    Str: 36    XL:     21   Next: 8%
Magic:  0/26       EV: 13    Int:  6    God:    Trog [******]
Gold:   967        SH: 26    Dex: 14    Spells: 20/20 levels left

rFire    . . .     SeeInvis .   a - +6 broad axe (elec)
rCold    . . .     Gourm    .   t - +0 large shield
rNeg     + . .     Faith    .   E - +2 crystal plate armour
rPois    +         Spirit   +   S - +2 hat
rElec    +         Reflect  .   e - +2 cloak {MR+}
rCorr    .         Harm     .   l - +1 pair of gloves {archery}
MR       ++++.                  K - +1 pair of boots
Stlth    ..........             X - amulet of guardian spirit
HPRegen  1.62/turn              o - +6 ring of slaying
MPRegen  0.20/turn              T - ring of Yqiesh {rElec rPois rN+ Str+5}

@: berserking, starving, regenerating, very quick
A: retaliatory headbutt, horns 2
}: 2/15 runes: barnacled, gossamer
a: Berserk, Trog's Hand, Brothers in Arms, Renounce Religion


You were on level 3 of the Vaults.
You worshipped Trog.
Trog was exalted by your worship.
You were starving.

You visited 7 branches of the dungeon, and saw 35 of its levels.
You also visited: Ossuary, Volcano and Desolation.

You collected 3365 gold pieces.
You spent 2398 gold pieces at shops.

Inventory:

Hand Weapons
 a - a +6 broad axe of electrocution (weapon)
 b - a +2 vampiric broad axe
Missiles
 C - 12 javelins (quivered)
 F - 12 throwing nets
 M - 4 curare-tipped darts
 W - 21 silver javelins
Armour
 e - a +2 cloak of magic resistance (worn)
 l - a +1 pair of gloves of archery (worn)
 m - a scarf of repulsion
 t - a +0 large shield (worn)
 E - a +2 crystal plate armour (worn)
 K - a +1 pair of boots (worn)
 S - a +2 hat (worn)
Jewellery
 o - a +6 ring of slaying (left hand)
 v - the ring of Equivalence {rF+ Str-5 Int+5 Dex+7}
   (You found it in the Desolation of Salt)

   [ring of protection from fire]

   It affects your strength (-5).
   It affects your intelligence (+5).
   It affects your dexterity (+7).
   It protects you from fire.
 O - the ring of the Distant Future {rC+ AC+6}
   (You found it on level 4 of the Shoals)

   [ring of protection]

   It affects your AC (+6).
   It protects you from cold.
 T - the ring of Yqiesh (right hand) {rElec rPois rN+ Str+5}
   (You found it in the Desolation of Salt)

   [ring of positive energy]

   It affects your strength (+5).
   It insulates you from electricity.
   It protects you from poison.
   It protects you from negative energy.
 X - an amulet of guardian spirit (around neck)
Wands
 f - a wand of digging (15)
 j - a wand of iceblast (39)
 D - a wand of flame (41)
 H - a wand of clouds (4)
 I - a wand of acid (17)
 N - a wand of paralysis (14)
Scrolls
 d - 2 scrolls of fear
 h - 11 scrolls of teleportation
 r - 10 scrolls of remove curse
 y - 6 scrolls of magic mapping
 B - a scroll of summoning
 G - 4 scrolls of immolation
 J - 5 scrolls of fog
 U - 4 scrolls of identify
 Y - 3 scrolls of blinking
 Z - a scroll of silence
Potions
 g - 5 potions of haste
 k - 11 potions of curing
 n - 9 potions of might
 q - 5 potions of agility
 s - 6 potions of cancellation
 u - a potion of ambrosia
 x - 5 potions of lignification
 z - 2 potions of invisibility
 A - 4 potions of flight
 L - 2 potions of mutation
 P - 3 potions of resistance
 Q - 5 potions of heal wounds
 V - 5 potions of brilliance
Miscellaneous
 i - 3 boxes of beasts
 w - a sack of spiders
Comestibles
 c - 35 rations
 p - 2 chunks of flesh


   Skills:
 + Level 22.8 Fighting
 - Level 18.0 Axes
 + Level 10.6 Throwing
 + Level 20.1 Armour
 - Level 11.0 Dodging
 * Level 20.5 Shields
 - Level 9.0 Evocations


You had 20 spell levels left.
You didn't know any spells.
Your spell library was empty.

Dungeon Overview and Level Annotations

Branches:
Dungeon (15/15)            Temple (1/1) D:7            Lair (6/6) D:11
 Shoals (4/4) Lair:3       Spider (4/4) Lair:4        Slime (0/5) Lair:5
    Orc (2/2) D:11            Elf (0/3) Orc:2        Vaults (3/5) D:13
 Depths (0/5) D:15        Ossuary (visited)         Volcano (visited)
Desolation (visited)
  Crypt: Vaults:2-3

Altars:
Ashenzari
Cheibriados
Dithmenos
Elyvilon
Fedhas
Gozag
Hepliaklqana
Kikubaaqudgha
Makhleb
Nemelex Xobeh
Okawaru
Qazlal
Ru
Sif Muna
Trog
Uskayaw
Vehumet
Wu Jian
Xom
Yredelemnul
Zin
The Shining One

Shops:
D:11 *   Orc:2 *[=(   Shoals:3 [

Annotations:
Lair:3 2 transporters, Viasus's ghost, journeyman GnAr
Vaults:3 Margery


Innate Abilities, Weirdness & Mutations

You reflexively headbutt those who attack you in melee.
You have a pair of horns on your head.


Message History

You slice Margery!! Lightning courses through Margery!
You are starving!
You block the hell knight's attack. You block the stone giant's attack.
You cut the stone giant into ribbons!!!
You kill the stone giant!
Trog accepts your kill.
You hit the hell knight.
Lightning courses through the hell knight!
You kill the hell knight!
Trog accepts your kill.
Trog appreciates your killing of a magic user.
You slice the hell knight!!
Lightning courses through the hell knight!
You kill the hell knight!
Trog accepts your kill.
Trog appreciates your killing of a magic user.
You slice Margery!! Margery gestures at you while chanting.
The bolt of fire hits you!!!
You die...

##.(#.###..###.# #...
#..(####....#### ####
#...# #......# #...#
########
#§§p##################
#..p..................
#..((.................
#...@).#########......
###G†@.# #......
#.)..# #....)) #....#
#^...)# #....+ #.....#
#....# #.....# #....#
#.....# #....# #.....#
#....# ###.....#
#..... ........#


You could see Margery, a great orb of eyes, a hell knight and a vault sentinel.

Vanquished Creatures
  Bai Suzhen (Shoals:3)
  Saint Roka (Orc:2)
  Nikola (Vaults:1)
  Arachne (Spider:3)
  Gastronok (Lair:1)
  Polyphemus (Shoals:2)
  Kirke (Spider:3)
  Roxanne (Spider:3)
  11 vault wardens
  An orc warlord (Orc:2)
  A frost giant (Vaults:3)
  Louise (Shoals:1)
  4 ghost moths (Spider:4)
  3 imperial myrmidons (Desolation)
  Aizul (Shoals:3)
  The ghost of endorz the Warrior, a journeyman MiBe of Trog (Orc:2)
  6 emperor scorpions
  2 stone giants (Vaults:3)
  10 ironheart preservers
  4 entropy weavers
  3 very ugly things (Vaults:2)
  3 deep elf annihilators (Vaults:1)
  A dire elephant (D:15)
  Nessos (Lair:5)
  A halazid warlock (Desolation)
  4 spark wasps
  4 merfolk javelineers
  2 deep elf death magi (Vaults:1)
  A crystal guardian (Desolation)
  7 ragged hierophants (Desolation)
  6 yaktaur captains
  A fire dragon (Lair:6)
  5 merfolk impalers
  2 rakshasas (Vaults:2)
  2 great orbs of eyes
  7 servants of whispers (Desolation)
  18 vault guards
  9 peacekeepers (Desolation)
  3 alligator snapping turtles
  Harold (Lair:1)
  6 merfolk aquamancers
  3 catoblepae
  An alligator (Shoals:2)
  34 two-headed ogres
  5 hydras
  7 dancing weapons (Spider:3)
  Erica (Lair:2)
  6 centaur warriors
  2 merfolk avatars
  A queen ant (D:13)
  3 satyrs
  A death knight (D:13)
  6 orc high priests
  2 tengu warriors (D:14)
  9 ogre magi
  4 death yaks (Shoals:2)
  Nergalle (Lair:2)
  3 deep elf knights
  A shadow wraith (Vaults:2)
  6 hell knights
  4 unseen horrors
  15 sea snakes
  5 wizards
  A glowing orange brain (Vaults:2)
  23 harpies
  The ghost of Jabberih the Grappler, a novice TrHu of Okawaru (D:7)
  A lindwurm (Lair:6)
  6 orc sorcerers
  4 deep elf archers
  17 ironbrand convokers
  12 orc knights
  12 deep elf magi
  A salamander (D:15)
  10 cyclopes
  A cyclops (shapeshifter) (Vaults:2)
  8 fauns
  14 manticores
  30 wolf spiders
  26 orb spiders
  3 moths of wrath
  2 merfolk sirens
  14 ugly things
  10 black mambas
  6 water nymphs
  2 molten gargoyles (Lair:6)
  3 vault sentinels
  8 spiny frogs
  Joseph (Lair:1)
  3 guardian serpents (Desolation)
  3 torpor snails
  3 gargoyles
  16 demonic crawlers
  2 freezing wraiths
  3 centaur skeletons (D:15)
  22 yaktaurs
  2 rime drakes
  A kobold demonologist (D:13)
  2 tengu conjurers
  8 komodo dragons
  29 merfolk
  A polar bear (Lair:6)
  44 jumping spiders
  9 trolls
  3 slime creatures
  Prince Ribbit (D:9)
  8 wind drakes
  14 blink frogs
  Grinder (D:3)
  A raiju (shapeshifter) (D:14)
  6 dream sheep (Lair:5)
  9 hornets
  70 saltlings (Desolation)
  A harpy skeleton (D:14)
  9 snapping turtles
  A hippogriff (shapeshifter) (Vaults:1)
  90 redbacks
  13 hippogriffs
  4 shadows
  43 tarantellas
  A yak (shapeshifter) (Vaults:2)
  6 wyverns
  6 wraiths
  18 water elementals
  49 yaks
  6 basilisks
  3 hogs (Spider:3)
  A hungry ghost (D:11)
  2 vampire mosquitoes (Spider:2)
  2 steam dragons (Lair:6)
  A human (D:13)
  25 soldier ants
  3 human simulacra
  14 wargs
  6 hell hounds
  5 acid dragons
  17 water moccasins
  10 porcupines
  4 ice beasts
  4 eyes of draining
  40 orc warriors
  2 black bears
  5 phantoms
  3 sky beasts
  30 ogres
  11 boggarts
  12 crocodiles
  12 wolves
  21 centaurs
  16 bullfrogs
  A big kobold (D:12)
  2 gnoll sergeants
  A bullfrog (shapeshifter) (Vaults:3)
  3 wyvern zombies
  2 wyvern skeletons (D:12)
  6 scorpions
  9 killer bees
  A killer bee (shapeshifter) (Vaults:1)
  10 wights
  6 electric eels
  A howler monkey (D:10)
  6 lava snakes
  6 centaur zombies
  7 crimson imps
  2 quasits
  10 hounds
  5 jellies
  12 orc priests
  25 orc wizards
  2 bullfrog skeletons
  Jessica (D:3)
  2 iguanas (D:4)
  24 worker ants
  A killer bee zombie (D:8)
  A hound zombie (D:6)
  2 hound skeletons (D:9)
  A mummy (Ossuary)
  A howler monkey skeleton (D:4)
  8 gnolls
  8 adders
  A shadow imp (D:3)
  An ooze (D:3)
  2 worms
  7 dart slugs
  8 leopard geckos
  80 orcs
  A ball python (D:3)
  5 giant cockroaches
  8 hobgoblins
  9 jackals
  15 kobolds
  5 quokkas
  11 bats
  3 frilled lizards
  A giant cockroach zombie (D:6)
  6 gnoll skeletons (Ossuary)
  8 goblins
  7 kobold skeletons (Ossuary)
  2 leopard gecko skeletons
  12 orc skeletons (Ossuary)
  A quokka skeleton (D:6)
  10 rats
  4 fungi
  3 plants
1609 creatures vanquished.

Vanquished Creatures (collateral kills)
  A ragged hierophant (Desolation)
  2 servants of whispers (Desolation)
  A wolf spider (Spider:1)
  An ugly thing (D:14)
  2 saltlings (Desolation)
  A hippogriff (D:14)
  A redback (Spider:1)
  An orc (D:6)
10 creatures vanquished.

Vanquished Creatures (others)
  2 ghost moths (Spider:4)
  An unseen horror (D:14)
  An orc knight (Vaults:1)
  An orb spider (Spider:1)
  A molten gargoyle (Desolation)
  A jumping spider (Spider:2)
  A redback (Spider:4)
  A yak (D:12)
  A tarantella (Spider:4)
  A basilisk (Lair:6)
  A human (Spider:3)
  An orc warrior (Vaults:1)
  A boggart (Vaults:2)
  2 orcs (D:14)
  2 fungi (Lair:5)
  3 plants
21 creatures vanquished.

Grand Total: 1640 creatures vanquished

Notes
Turn   | Place    | Note
-------+----------+-------------------------------------------
     0 | D:1      | Gumption the Minotaur Berserker began the quest for the
                  | Orb.
     0 | D:1      | Reached XP level 1. HP: 19/19 MP: 0/0
   361 | D:1      | Reached XP level 2. HP: 27/27 MP: 1/1
   488 | D:1      | Reached skill level 1 in Shields
   494 | D:1      | Reached skill level 4 in Fighting
   497 | D:1      | Reached XP level 3. HP: 17/33 MP: 2/2
  1078 | D:2      | Reached ** piety under Trog
  1553 | D:2      | Reached XP level 4. HP: 40/40 MP: 3/3
  1588 | D:2      | Found a basalt altar of Yredelemnul.
  2268 | D:3      | Noticed Grinder
  2286 | D:3      | Killed Grinder
  2286 | D:3      | Reached skill level 5 in Fighting
  2286 | D:3      | Reached skill level 5 in Axes
  2286 | D:3      | Reached XP level 5. HP: 20/48 MP: 4/4
  2286 | D:3      | Reached XP level 6. HP: 23/56 MP: 5/5
  3055 | D:3      | Reached *** piety under Trog
  3141 | D:3      | Found a burning altar of Makhleb.
  3221 | D:3      | Found a blossoming altar of Fedhas.
  3272 | D:3      | Noticed Jessica
  3291 | D:3      | Killed Jessica
  3476 | D:3      | Found a shimmering blue altar of Sif Muna.
  3777 | D:4      | Reached skill level 5 in Armour
  4120 | D:4      | Reached XP level 7. HP: 62/62 MP: 6/6
  4199 | D:4      | Found a sparkling altar of Nemelex Xobeh.
  4250 | D:4      | Found a shadowy altar of Dithmenos.
  4267 | D:4      | Reached skill level 6 in Fighting
  4780 | D:5      | Entered Level 5 of the Dungeon
  4814 | D:5      | Reached XP level 8. HP: 39/71 MP: 7/7
  4999 | D:5      | Reached skill level 7 in Fighting
  5164 | D:5      | Found a sand-covered staircase.
  5178 | D:5      | HP: 2/73 [orc priest/divine providence (12)]
  5179 | Ossuary  | Entered an ossuary
  5402 | Ossuary  | Received a gift from Trog
  5892 | D:5      | Reached skill level 8 in Fighting
  6427 | D:5      | Reached **** piety under Trog
  6771 | D:6      | Reached XP level 9. HP: 72/82 MP: 8/8
  6977 | D:6      | Found a radiant altar of Vehumet.
  7494 | D:6      | Upgraded the game from 0.24-a0-769-g368c1644f8 to
                  | 0.24-a0-779-g36f0aeb843
  7541 | D:7      | Reached skill level 9 in Fighting
  7642 | D:7      | Found a transporter.
  7646 | D:7      | Noticed Jabberih's ghost (novice TrHu)
  7646 | D:7      | Noticed a moth of wrath
  7690 | D:7      | Found a transporter.
  8029 | D:7      | Found a staircase to the Ecumenical Temple.
  8039 | Temple   | Entered the Ecumenical Temple
  9122 | D:9      | Reached skill level 5 in Shields
  9257 | D:9      | Reached ***** piety under Trog
  9278 | D:9      | Noticed Prince Ribbit
  9282 | D:9      | Killed Prince Ribbit
  9370 | D:9      | Noticed a two-headed ogre
  9423 | D:9      | Killed a two-headed ogre
  9423 | D:9      | Reached skill level 10 in Fighting
  9423 | D:9      | Reached skill level 10 in Axes
  9423 | D:9      | Reached XP level 10. HP: 61/93 MP: 9/9
  9883 | D:10     | Entered Level 10 of the Dungeon
  9958 | D:10     | Reached skill level 10 in Armour
 10705 | D:11     | Reached skill level 11 in Fighting
 10942 | D:11     | Noticed a cyclops
 10962 | D:11     | Killed a cyclops
 10962 | D:11     | Reached XP level 11. HP: 88/102 MP: 10/10
 11011 | D:11     | Found a staircase to the Orcish Mines.
 11011 | D:11     | Found a staircase to the Lair.
 11225 | D:11     | Found Kasog's Assorted Antiques.
 11228 | D:11     | Bought a brown potion for 31 gold pieces
 11228 | D:11     | Bought a scroll of identify for 70 gold pieces
 11228 | D:11     | Bought a scroll of identify for 70 gold pieces
 11251 | D:11     | Received a gift from Trog
 11553 | D:7      | Killed Jabberih's ghost
 11771 | D:12     | Killed an unseen horror
 11847 | D:12     | Noticed a cyan ugly thing
 11871 | D:12     | HP: 2/102 [yak (7)]
 11897 | D:12     | HP: 5/102 [acid (6)]
 12141 | D:12     | Killed a cyan ugly thing
 12141 | D:12     | Reached skill level 10 in Shields
 13259 | D:12     | Reached XP level 12. HP: 112/112 MP: 11/11
 13509 | Lair:1   | Entered Level 1 of the Lair of Beasts
 13509 | Lair:1   | Noticed Joseph
 13523 | Lair:1   | Killed Joseph
 13523 | Lair:1   | Reached skill level 12 in Fighting
 13850 | Lair:1   | Identified a scroll of acquirement
 13851 | Lair:1   | Got a scorched cloak
 13862 | Lair:1   | Identified the +0 cloak of Cots {rF- rN+++ Dex+6 SInv} (You
                  | acquired it on level 1 of the Lair of Beasts)
 14020 | Lair:1   | Noticed Gastronok
 14046 | Lair:1   | Killed Gastronok
 14077 | Lair:1   | Received a gift from Trog
 14078 | Lair:1   | Got a jewelled arbalest {god gift}
 14079 | Lair:1   | Identified the +8 arbalest of Dostex {flame, Str+5} (Trog
                  | gifted it to you on level 1 of the Lair of Beasts)
 14830 | Lair:1   | Noticed Harold
 14847 | Lair:1   | Killed Harold
 15010 | Lair:2   | Noticed Erica
 15016 | Lair:2   | Killed Erica
 15328 | Lair:2   | Noticed Nergalle
 15340 | Lair:2   | Killed Nergalle
 15822 | Lair:3   | Noticed a five-headed hydra
 15834 | Lair:3   | Killed a three-headed hydra
 16030 | Lair:3   | Reached XP level 13. HP: 101/119 MP: 12/12
 16064 | Lair:3   | Found a dark tunnel.
 16087 | Volcano  | Entered a volcano
 16206 | Volcano  | Found a radiant altar of Vehumet.
 16262 | Volcano  | Reached skill level 13 in Fighting
 16451 | Lair:3   | Reached skill level 15 in Axes
 16485 | Lair:3   | Noticed Viasus's ghost (journeyman GnAr)
 16518 | Lair:3   | Found a transporter.
 16616 | Lair:3   | Found a transporter.
 16746 | Lair:3   | Found a staircase to the Shoals.
 17272 | Lair:4   | Found a hole to the Spider Nest.
 17705 | Lair:4   | Received a gift from Trog
 18756 | Lair:5   | Found a staircase to the Slime Pits.
 19022 | Lair:5   | Noticed Nessos
 19048 | Lair:5   | Killed Nessos
 19505 | Lair:6   | Entered Level 6 of the Lair of Beasts
 19618 | Lair:6   | Reached XP level 14. HP: 126/130 MP: 11/13
 20037 | Lair:6   | Received a gift from Trog
 20462 | Lair:6   | Found a large runed translucent door.
 20463 | Lair:6   | Found a large runed translucent door.
 20820 | Lair:6   | Received a gift from Trog
 21232 | D:13     | Reached skill level 14 in Fighting
 21264 | D:13     | Reached skill level 15 in Shields
 21278 | D:13     | Noticed an entropy weaver
 21282 | D:13     | Noticed an entropy weaver
 21658 | D:13     | Reached skill level 1 in Evocations
 22709 | D:13     | Killed an entropy weaver
 22731 | D:13     | Received a gift from Trog
 22789 | D:13     | Reached ****** piety under Trog
 22793 | D:13     | Found a gate to the Vaults.
 22985 | D:13     | Received a gift from Trog
 22989 | D:13     | Killed an entropy weaver
 23343 | D:14     | Received a gift from Trog
 23366 | D:14     | Got an encrusted fustibalus {god gift}
 23367 | D:14     | Identified the +4 fustibalus of Youthful Indiscretion
                  | {velocity, Int+5} (Trog gifted it to you on level 14 of the
                  | Dungeon)
 23545 | D:14     | Identified the cursed +1 falchion "Spiderslayer" {slice,
                  | Str-4 Dex+4 SInv}
 23596 | D:14     | Reached XP level 15. HP: 106/139 MP: 16/16
 24699 | D:15     | Entered Level 15 of the Dungeon
 25029 | D:15     | Reached skill level 15 in Fighting
 25101 | D:15     | Received a gift from Trog
 25271 | D:15     | Found a staircase to the Depths.
 25289 | D:15     | Reached skill level 15 in Armour
 25289 | D:15     | Reached skill level 5 in Dodging
 25295 | D:15     | Reached skill level 5 in Evocations
 25590 | Orc:1    | Entered Level 1 of the Orcish Mines
 26050 | Orc:2    | Entered Level 2 of the Orcish Mines
 26050 | Orc:2    | Found a staircase to the Elven Halls.
 26050 | Orc:2    | Found Liesa's Antique Weapon Boutique.
 26055 | Orc:2    | Noticed an orc warlord
 26267 | Orc:2    | Found Hogetimirch's Jewellery Boutique.
 26310 | Orc:2    | Killed an orc warlord
 26655 | Orc:2    | Found Olaic's Antique Armour Shoppe.
 26679 | Orc:2    | Noticed endorz's ghost (journeyman MiBe)
 26702 | Orc:2    | Received a gift from Trog
 26765 | Orc:2    | Found a transporter.
 27065 | Orc:2    | Noticed Saint Roka
 27086 | Orc:2    | Killed Saint Roka
 27086 | Orc:2    | Reached XP level 16. HP: 150/150 MP: 16/19
 27151 | Orc:2    | Found a transporter.
 27347 | Orc:2    | Found Dygoip's General Store.
 27355 | Orc:2    | Bought a potion of heal wounds for 70 gold pieces
 27574 | Orc:2    | Killed endorz's ghost
 27593 | Orc:2    | Identified the Compendium of Earthen Transformation
 27782 | Spider:1 | Entered Level 1 of the Spider Nest
 27817 | Spider:1 | Reached skill level 16 in Fighting
 29308 | Spider:1 | Reached skill level 17 in Fighting
 29630 | Spider:1 | Received a gift from Trog
 30967 | Spider:2 | Reached skill level 18 in Fighting
 31383 | Spider:2 | You fall into a shaft and drop 1 floor!
 31619 | Spider:3 | Noticed Roxanne
 31643 | Spider:3 | Killed Roxanne
 31643 | Spider:3 | Received a gift from Trog
 31841 | Spider:3 | Noticed Arachne
 31855 | Spider:3 | Killed Arachne
 31855 | Spider:3 | Reached skill level 19 in Fighting
 31855 | Spider:3 | Reached XP level 17. HP: 168/168 MP: 19/22
 32862 | Spider:3 | Noticed Kirke
 32885 | Spider:3 | Killed Kirke
 32905 | Spider:3 | Found a runed translucent door.
 33276 | Spider:4 | Entered Level 4 of the Spider Nest
 33320 | Spider:4 | Reached skill level 20 in Fighting
 33689 | Spider:4 | Reached skill level 10 in Dodging
 33736 | Spider:4 | Received a gift from Trog
 34466 | Spider:4 | Reached skill level 1 in Throwing
 35507 | Spider:4 | Got a gossamer rune of Zot
 36172 | Orc:2    | Bought a +6 ring of slaying for 2157 gold pieces
 36278 | Shoals:1 | Entered Level 1 of the Shoals
 36583 | Shoals:1 | Reached XP level 18. HP: 167/180 MP: 21/23
 36673 | Shoals:1 | Noticed Louise
 36701 | Shoals:1 | Killed Louise
 36701 | Shoals:1 | Reached skill level 21 in Fighting
 36740 | Shoals:1 | Received a gift from Trog
 37433 | Shoals:2 | Noticed Polyphemus
 37667 | Shoals:2 | Upgraded the game from 0.24-a0-779-g36f0aeb843 to
                  | 0.24-a0-784-g601f8f6d22
 38269 | Shoals:2 | Killed Polyphemus
 38269 | Shoals:2 | Reached skill level 5 in Throwing
 38537 | Shoals:3 | Noticed Bai Suzhen
 38551 | Shoals:3 | Killed Bai Suzhen
 38552 | Shoals:3 | Noticed Aizul
 38569 | Shoals:3 | Killed Aizul
 38577 | Shoals:3 | Received a gift from Trog
 38987 | Shoals:3 | Found Esupykk's Antique Armour Emporium.
 39272 | Shoals:4 | Entered Level 4 of the Shoals
 39517 | Shoals:4 | Got a fine marble ring
 39519 | Shoals:4 | Identified the ring of the Distant Future {rC+ AC+6} (You
                  | found it on level 4 of the Shoals)
 40072 | Shoals:4 | Got a shimmering cloak
 40084 | Shoals:4 | Identified the +3 cloak of Ravogo {MP+9 Str+4} (You found
                  | it on level 4 of the Shoals)
 40289 | Shoals:4 | HP: 8/182 [merfolk impaler collision (2)]
 40796 | Shoals:4 | Got a barnacled rune of Zot
 40911 | Shoals:4 | Identified the +4 hand axe of Accord {flame, +Inv Int+3
                  | SInv} (You found it on level 4 of the Shoals)
 41250 | Vaults:1 | Entered Level 1 of the Vaults
 41318 | Vaults:1 | Received a gift from Trog
 41320 | Vaults:1 | Reached XP level 19. HP: 181/190 MP: 24/24
 41450 | Vaults:1 | Received a gift from Trog
 41967 | Vaults:1 | Received a gift from Trog
 42056 | Vaults:1 | Noticed Nikola
 42081 | Vaults:1 | Killed Nikola
 42982 | Vaults:1 | Reached skill level 22 in Fighting
 43988 | Vaults:2 | Received a gift from Trog
 44080 | Vaults:2 | Reached XP level 20. HP: 193/200 MP: 22/25
 44192 | Vaults:2 | Found a ruined gateway.
 44199 | Desolati | Entered the Desolation of Salt
 44475 | Desolati | Got a warped granite ring
 44476 | Desolati | Identified the ring of Yqiesh {rElec rPois rN+ Str+5} (You
                  | found it in the Desolation of Salt)
 44544 | Desolati | Got a faintly glowing amber ring
 44545 | Desolati | Identified the ring of Equivalence {rF+ Str-5 Int+5 Dex+7}
                  | (You found it in the Desolation of Salt)
 44672 | Desolati | Received a gift from Trog
 44686 | Desolati | Got slimy pearl dragon scales
 44688 | Desolati | Identified the cursed +1 pearl dragon scales of
                  | Fortification {rN+ Stlth+} (You found it in the Desolation
                  | of Salt)
 44705 | Desolati | Identified the Grimoire of Assistive Transformation
 45740 | Vaults:2 | Reached skill level 10 in Throwing
 45832 | Vaults:2 | Received a gift from Trog
 45941 | Vaults:2 | Received a gift from Trog
 46633 | Vaults:3 | Received a gift from Trog
 46863 | Vaults:3 | Received a gift from Trog
 46956 | Vaults:3 | Reached XP level 21. HP: 209/209 MP: 26/26
 46988 | Vaults:3 | Noticed Margery
 47015 | Vaults:3 | Killed from afar by Margery

Levels and vault maps discovered:
D:1:      nicolae_arrival_memento_mori, layout_loops_ring, minmay_hexomino_c4
D:2:      layout_basic, yredelemnul_altar_generic, first_ration,
          kennysheep_generic_room_4
D:3:      layout_basic, makhleb_grotto_becter, lemuel_crystal_altar, tgw_sif,
          uniq_grinder
D:4:      layout_layer_cave, nemelex_xobeh_ov_fountains_minmay,
          grunt_dithmenos_shadows
D:5:      layout_gridville, serial_co_window_serial, co_window_paths_b,
          co_window_paths_b, co_window_paths_b, co_window_paths_a,
          co_window_of_opportunity_a, co_window_unsneaky_path_b,
          co_window_broadway_a, co_window_broadway_c, co_window_paths_c,
          co_window_4corner_a, glass_columns_a, glass_columns_a,
          glass_columns_b, nicolae_ossuary_entry_ruins, grunt_decor_resistance
D:6:      layout_loops_corners, nicolae_overflow_hidden_temple,
          nrook_mini_backslash
D:7:      layout_loops_cross, lemuel_temple_firewalk_b,
          gammafunk_ghost_berserking_beasts, minivault_23
D:8:      layout_loops_corners
D:9:      layout_basic, minmay_parallelograms, uniq_prince_ribbit1
D:10:     layout_gridville, serial_glass, glass_columns_c, glass_columns_b,
          glass_columns_a
D:11:     layout_rooms, lair_entry_dummy, david_orc_3, serial_shops,
          nicolae_shop_behind_doors, hangedman_pestilent_swarm
D:12:     layout_basic, minmay_misc_feat_plants
D:13:     layout_roguey, grunt_vaults_entry_fortified, nicolae_lava_and_water,
          minivault_29
D:14:     layout_basic, nicolae_sextant, grunt_ministairs_7
D:15:     hangedman_depths_entry_try_elsewhere_first, layout_long_grid,
          chequers_decorated_corner
Temple:   nicolae_temple_elliptical
Lair:1:   layout_chaotic_city, st_stairs_8, uniq_harold, uniq_joseph,
          uniq_gastronok
Lair:2:   layout_hall_layers, grunt_megastairs_4, uniq_nergalle, uniq_erica
Lair:3:   layout_regular_city, minmay_shoals_entry_centaurs,
          gammafunk_ghost_arena, enter_volcano_3
Lair:4:   layout_big_grid, spider_nest_entry_rubble, serial_bayou_pond_a
Lair:5:   layout_cave_pods, dpeg_slime_entry_corner, uniq_nessos
Lair:6:   cheibrodos_lair_end_hotspot, layout_regular_city
Shoals:1: layout_shoals, uniq_louise
Shoals:2: layout_shoals, nicolae_shoals_siren_and_animal_friends,
          uniq_polyphemus
Shoals:3: layout_shoals, serial_shops, shop, nicolae_shoals_square_sea_wall,
          nicolae_shoals_stone_sculpture_thing, uniq_bai_suzhen, uniq_aizul
Shoals:4: shoals_end_simple, layout_shoals
Spider:1: layout_spider_delve
Spider:2: layout_spider_delve, drop_trap, einodemon_crawler_minivault
Spider:3: cheibrodos_spider_deadly_dance, uniq_arachne, uniq_roxanne, uniq_kirke
Spider:4: johnstein_spider_rune_arachne_lair
Orc:1:    layout_caves
Orc:2:    grunt_orc_gardens, layout_caves, grunt_orc_garden, grunt_orc_garden,
          grunt_orc_garden, grunt_orc_garden, gammafunk_ghost_berserking_beasts,
          uniq_saint_roka
Vaults:1: grunt_vaults_twisty, nicolae_vaults_theta, v_misc_13,
          nicolae_vaults_asterisk, nicolae_vaults_mini_display_case,
          ontoclasm_vaults_claustrophobia, nicolae_vaults_border_crossing,
          vaults_room_grunt_arrival_checkpoint, nicolae_vaults_network_square,
          hangedman_vaults_nails, hangedman_vaults_stretched_pinwheel,
          nicolae_vaults_specimen_jars, layout_vaults_big_cross, uniq_nikola
Vaults:2: v_alt_pattern_3, hangedman_vaults_hat, vaults_room_hallway,
          vaults_mumra_chevron, hangedman_vaults_unwind, ontoclasm_vaults_eye,
          nicolae_vaults_hallways_thing, vaults_room_door_ring,
          ontoclasm_vaults_gateway, ontoclasm_vaults_ring_square,
          vaults_room_fours, v_alt_pattern_6, v_misc_12, ontoclasm_vaults_pinch,
          nicolae_vaults_little_squares_2, ontoclasm_vaults_loading_screen,
          layout_vaults_omnibox, portal_desolation_entry_ruin
Vaults:3: grunt_vaults_focal, vaults_room_stairs_pillars, ontoclasm_vaults_chip,
          blue_anna_dwarven_crypt, vaults_standard_mumra_lines,
          nicolae_vaults_little_squares_3, vaults_room_fours, st_lattice,
          layout_vaults_omnigrid, serial_shops, shop, uniq_margery

Skill      XL: |  1  2  3  4  5  6  7  8  9 10 11 12 13 14 15 16 17 18 19 20 |
---------------+-------------------------------------------------------------+-----
Shields        | 1 3 4 6 8 10 12 14 15 17 18 20 | 20.5
Fighting       | 4 5 6 8 10 11 12 13 14 15 19 20 21 22 | 22.8
Axes           | 4 5 6 8 10 11 12 14 15 17 18 | 18.0
Armour         | 3 4 5 6 8 9 10 11 12 13 14 15 16 17 18 19 20 | 20.1
Evocations     | 3 6 8 9 |  9.0
Dodging        | 6 9 10 11 | 11.0
Throwing       | 3 6 8 10 | 10.6

Action                   |  1- 3 |  4- 6 |  7- 9 | 10-12 | 13-15 | 16-18 | 19-21 || total
-------------------------+-------+-------+-------+-------+-------+-------+-------++-------
Melee: Hand axe          |    79 |   116 |   268 |       |       |       |       ||   463
       Headbutt          |     9 |    13 |    77 |   134 |   293 |   396 |   214 ||  1136
       War axe           |       |       |    99 |   507 |       |       |       ||   606
       Broad axe         |       |       |       |    63 |  1296 |  1524 |   694 ||  3577
       Scimitar          |       |       |       |     2 |       |       |       ||     2
Throw: Stone             |    35 |    22 |    24 |       |       |       |       ||    81
       Dart              |       |    55 |    18 |    24 |     5 |    44 |       ||   146
       Javelin           |       |       |    10 |       |    10 |    75 |   232 ||   327
Invok: Berserk           |       |     1 |     1 |       |     4 |     5 |     1 ||    12
       Trog's Hand       |       |       |     2 |     1 |    15 |    12 |     8 ||    38
       Brothers in Arms  |       |       |       |       |     1 |     1 |     2 ||     4
Evoke: Wand              |       |       |     5 |     4 |       |     2 |       ||    11
  Use: Scroll            |       |     6 |    11 |    15 |     8 |     7 |    15 ||    62
       Potion            |       |       |       |     2 |     1 |     3 |       ||     6
 Stab: Petrified         |       |       |       |       |     2 |       |       ||     2
       Paralysed         |       |       |       |       |       |     6 |       ||     6
       Distracted        |       |       |       |       |       |       |     1 ||     1
  Eat: Chunk             |     2 |     7 |    14 |    19 |    38 |    34 |    19 ||   133
       Ration            |       |     1 |     1 |     1 |     2 |     7 |     1 ||    13
Armor: Animal skin       |    13 |       |       |       |       |       |       ||    13
       Ring mail         |     3 |    37 |    19 |       |       |       |       ||    59
       Chain mail        |       |       |    93 |       |       |       |       ||    93
       Scale mail        |       |       |    15 |       |       |       |       ||    15
       Plate armour      |       |       |     2 |   229 |   407 |   690 |       ||  1328
       Storm dragon scal |       |       |       |       |       |    82 |   132 ||   214
       Crystal plate arm |       |       |       |       |       |       |    37 ||    37
Dodge: Dodged            |    52 |    61 |   119 |    91 |   206 |   581 |   159 ||  1269
       Deflected         |       |       |       |     7 |    19 |    33 |       ||    59
Block: Buckler           |     9 |    20 |    39 |       |       |       |       ||    68
       Shield            |       |       |    63 |   336 |   790 |   864 |       ||  2053
       Large shield      |       |       |       |       |       |   481 |   569 ||  1050

Table legend:
 A = Non-vault XP
 B = Vault XP
 C = Vault XP percentage of total XP
 D = Non-vault monster count
 E = Vault monster count
 F = Vault count percentage of total count
                 A         B        C        D         E       F
            +---------+---------+-------+---------+---------+-------
      Total |  335369 |  259621 |  43.6 |    1088 |     533 |  32.9
            +---------+---------+-------+---------+---------+-------
        D:1 |      31 |      18 |  36.7 |      17 |       7 |  29.2
        D:2 |      90 |       4 |   4.3 |      31 |       2 |   6.1
        D:3 |     105 |     321 |  75.4 |      30 |       3 |   9.1
        D:4 |     516 |     127 |  19.8 |      16 |       1 |   5.9
        D:5 |    1235 |       0 |   0.0 |      25 |       0 |   0.0
        D:6 |     629 |       0 |   0.0 |      19 |       0 |   0.0
        D:7 |     282 |    1895 |  87.0 |       3 |      10 |  76.9
        D:8 |     392 |       0 |   0.0 |      11 |       0 |   0.0
        D:9 |    2237 |     283 |  11.2 |      26 |       1 |   3.7
       D:10 |    2697 |       0 |   0.0 |      27 |       0 |   0.0
       D:11 |    3395 |     832 |  19.7 |      25 |      11 |  30.6
       D:12 |    6748 |     157 |   2.3 |      39 |       1 |   2.5
       D:13 |    8106 |   13995 |  63.3 |      43 |      54 |  55.7
       D:14 |   10976 |    2003 |  15.4 |      45 |       3 |   6.2
       D:15 |   16843 |    2610 |  13.4 |      40 |       4 |   9.1
     Lair:1 |    5849 |    3925 |  40.2 |      28 |       4 |  12.5
     Lair:2 |    2714 |    1817 |  40.1 |      12 |       3 |  20.0
     Lair:3 |    4558 |     761 |  14.3 |      20 |       6 |  23.1
     Lair:4 |    8516 |     234 |   2.7 |      34 |       1 |   2.9
     Lair:5 |    6423 |    1222 |  16.0 |      27 |       1 |   3.6
     Lair:6 |    7060 |    7316 |  50.9 |      22 |      27 |  55.1
   Shoals:1 |   19015 |    1696 |   8.2 |      39 |       1 |   2.5
   Shoals:2 |    8999 |   11431 |  56.0 |      18 |      14 |  43.8
   Shoals:3 |    9028 |    6776 |  42.9 |      18 |       2 |  10.0
   Shoals:4 |   12994 |   19107 |  59.5 |      28 |      30 |  51.7
   Spider:1 |   18438 |       0 |   0.0 |      53 |       0 |   0.0
   Spider:2 |   22867 |    1094 |   4.6 |      51 |       4 |   7.3
   Spider:3 |   17688 |   16214 |  47.8 |      62 |      23 |  27.1
   Spider:4 |   17573 |   27522 |  61.0 |      49 |      44 |  47.3
      Orc:1 |    5595 |    2371 |  29.8 |      28 |       5 |  15.2
      Orc:2 |    2279 |   17865 |  88.7 |      31 |      47 |  60.3
   Vaults:1 |   51396 |   33213 |  39.3 |      76 |      43 |  36.1
   Vaults:2 |   40508 |   18296 |  31.1 |      72 |      29 |  28.7
   Vaults:3 |   19587 |    4043 |  17.1 |      23 |       6 |  20.7
    Ossuary |       0 |     245 | 100.0 |       0 |      27 | 100.0
    Volcano |       0 |    6896 | 100.0 |       0 |       8 | 100.0
 Desolation |       0 |   55332 | 100.0 |       0 |     111 | 100.0
            +---------+---------+-------+---------+---------+-------
